 Dungeon Crawl Stone Soup version 0.21-a0-137-g951aa02 (webtiles) character file.

1121 kuniqs the Sneak (level 8, -2/36 HPs)
             Began as a Spriggan Necromancer on July 18, 2017.
             Was a Follower of Kikubaaqudgha.
             Killed from afar by an orc (3 damage)
             ... on level 6 of the Dungeon.
             The game lasted 00:15:26 (7664 turns).

kuniqs the Sneak (Spriggan Necromancer)             Turns: 7664, Time: 00:15:28

Health: -2/36      AC:  2    Str:  4    XL:     8   Next: 12%
Magic:  8/18       EV: 22    Int: 19    God:    Kikubaaqudgha [*.....]
Gold:   335        SH:  0    Dex: 16    Spells: 1/19 levels left

rFire    + . .     SeeInvis +   j - +0 short sword
rCold    . . .     Gourm    .   (shield restricted)
rNeg     . . .     Faith    .   a - +0 robe
rPois    .         Spirit   .   (helmet restricted)
rElec    .         Reflect  .   (no cloak)
rCorr    .         Harm     .   (gloves unavailable)
MR       +....                  (boots unavailable)
Stlth    ++++......             (no amulet)
HPRegen  0.12/turn              c - ring of protection from fire
MPRegen  0.16/turn              (no ring)

@: very quick
A: unfitting armour, see invisible, herbivore 3, speed 3, slow metabolism 2
a: Receive Corpses, Renounce Religion


You were on level 6 of the Dungeon.
You worshipped Kikubaaqudgha.
Kikubaaqudgha was aware of your devotion.
You were not hungry.

You visited 2 branches of the dungeon, and saw 7 of its levels.
You also visited: Sewer.

You collected 335 gold pieces.

Inventory:

Hand Weapons
 j - a +0 short sword (weapon)
Armour
 a - a +0 robe (worn)
 r - a +0 buckler
Jewellery
 c - a ring of protection from fire (left hand)
Scrolls
 e - 4 scrolls of remove curse {unknown}
 g - 3 scrolls of recharging
 h - a scroll of teleportation {unknown}
 i - a scroll of immolation {unknown}
 k - 3 scrolls of blinking {unknown}
 m - 6 scrolls of identify {@r1}
 o - a scroll of random uselessness {unknown}
 p - 3 scrolls of fear {unknown}
 s - a scroll of enchant armour {unknown}
 u - 2 scrolls of fog {unknown}
 y - 5 scrolls of magic mapping {unknown}
 B - a scroll of amnesia {unknown}
Potions
 l - 4 potions of curing {@q1}
 n - a potion of berserk rage
 q - 2 potions of flight {unknown}
 t - 3 potions of heal wounds
 v - 2 potions of ambrosia {unknown}
 w - a potion of haste {unknown}
 x - a potion of mutation {unknown}
 z - 2 potions of might {unknown}
Books
 b - a book of Necromancy

   Spells                             Type                      Level
   a - Pain                           Necromancy                   1
   b - Animate Skeleton               Necromancy                   1
   c - Vampiric Draining              Necromancy                   3
   d - Regeneration                   Charms/Necromancy            3
   e - Animate Dead                   Necromancy                   4
   f - Control Undead                 Necromancy                   4
 A - Kikubaaqudgha's Handbook of Evil
   (Kikubaaqudgha gifted it to you on level 5 of the Dungeon)

   Spells                             Type                      Level
   a - Pain                           Necromancy                   1
   b - Corpse Rot                     Necromancy                   2
   c - Sublimation of Blood           Necromancy                   2
   d - Vampiric Draining              Necromancy                   3
   e - Control Undead                 Necromancy                   4
 C - a book of Clouds

   Spells                             Type                      Level
   a - Poisonous Vapours              Poison/Air                   2
   b - Mephitic Cloud                 Conjuration/Poison/Air       3
   c - Conjure Flame                  Conjuration/Fire             3
   d - Freezing Cloud                 Conjuration/Ice/Air          6
   e - Ring of Flames                 Charms/Fire                  7
Comestibles
 d - 4 bread rations
 f - 6 fruits


   Skills:
 + Level 6.9 Dodging
 + Level 7.8 Stealth
 + Level 6.2 Spellcasting
 * Level 3.2 Hexes
 + Level 5.4 Necromancy


You had one spell level left.
You knew the following spells:

 Your Spells              Type           Power        Failure   Level  Hunger
a - Pain                  Necr           ####         1%          1    None
b - Animate Skeleton      Necr           N/A          1%          1    None
c - Vampiric Draining     Necr           ####......   3%          3    ##.....
d - Animate Dead          Necr           N/A          12%         4    ####...
e - Control Undead        Necr           ####......   12%         4    ####...
f - Confuse               Hex            ###.....     9%          3    ##.....
g - Corpse Rot            Necr           N/A          1%          2    None


Dungeon Overview and Level Annotations

Branches:
Dungeon (6/15)             Temple (1/1) D:5

Altars:
Cheibriados
Elyvilon
Fedhas
Gozag
Hepliaklqana
Kikubaaqudgha
Nemelex Xobeh
Qazlal
Ru
Sif Muna
Uskayaw
Vehumet
Xom
Yredelemnul
Zin

Shops:
D:4 ==!=


Innate Abilities, Weirdness & Mutations

You are very small and have problems with some larger weapons.
You are too small for most types of armour.
You have supernaturally acute eyesight. (SInv)
You are a herbivore.
You cover ground extremely quickly.
You need consume almost no food.


Message History

Aim: an orc priest, wielding a short sword (lightly wounded, chance to defeat MR: 84%)
The orc priest writhes in agony!
The orc priest invokes the aid of Beogh against you.
Pain shoots through your body!
* * * LOW HITPOINT WARNING * * *
Aim: an orc priest, wielding a short sword (moderately wounded, chance to defeat MR: 84%)
The orc priest writhes in agony!
The orc priest mumbles some strange prayers to Beogh against you.
Pain shoots through your body!
* * * LOW HITPOINT WARNING * * *
Aim: an orc priest, wielding a short sword (heavily wounded, chance to defeat MR: 84%)
The orc priest writhes in agony!
You kill the orc priest!
Kikubaaqudgha accepts your kill.
The orc throws an exploding tomahawk.
The exploding tomahawk hits you.
* * * LOW HITPOINT WARNING * * *
The exploding tomahawk explodes!
The explosion of tomahawk fragments engulfs you!
You die...
Kikubaaqudgha rasps: "You have failed me!
Welcome... death!"

..).. ...o.. ####### ######+#
......##..#..# ##..#....
.....>.)...).# #........
.............# #....#...
......o......# #....#...
...<..##...#############..###+#
.<....##...###.#..#..#).####..#
......Y...o)%)@.......#...#....
.................)....#...#....
......................#...#....
..........(...........#...#....
##..##..#######..######.##.##
#..##..###.###..######.##.## ..
+........#...#...........
#........†...#...........
#........#...#...........


You could see an orc.

Vanquished Creatures
  An ice beast (D:5)
  A sky beast (D:4)
  A black bear (D:5)
  An ogre (D:6)
  A scorpion (D:5)
  2 howler monkeys
  5 hounds (D:4)
  2 orc wizards
  3 orc priests
  A centaur skeleton (D:4)
  An iguana (D:4)
  4 worker ants
  A worker ant zombie (D:5)
  A howler monkey skeleton (D:6)
  4 adders
  A river rat (D:3)
  4 oozes
  An adder zombie (D:5)
  2 worms (D:4)
  2 dart slugs
  7 leopard geckos
  11 orcs
  3 ball pythons
  5 giant cockroaches
  2 goblins (D:3)
  6 hobgoblins
  4 jackals (D:4)
  3 quokkas
  11 bats
  3 frilled lizards
  8 kobolds
  A leopard gecko skeleton (D:4)
  2 quokka zombies (D:5)
  9 rats
114 creatures vanquished.

Vanquished Creatures (collateral kills)
  A howler monkey zombie (D:5)
  An adder zombie (D:5)
  An orc (D:6)
3 creatures vanquished.

Grand Total: 117 creatures vanquished

Notes
Turn   | Place    | Note
-------+----------+-------------------------------------------
     0 | D:1      | kuniqs the Spriggan Necromancer began the quest for the Orb.
     0 | D:1      | Reached XP level 1. HP: 9/9 MP: 5/5
     2 | D:1      | Learned a level 1 spell: Animate Skeleton
   615 | D:1      | Reached XP level 2. HP: 8/13 MP: 0/7
  1720 | D:2      | Found an ancient bone altar of Kikubaaqudgha.
  1731 | D:3      | Reached XP level 3. HP: 13/16 MP: 4/8
  1738 | D:3      | Learned a level 3 spell: Vampiric Draining
  2165 | D:3      | Reached skill level 4 in Stealth
  2249 | D:3      | Found a glowing drain.
  2277 | D:3      | Reached XP level 4. HP: 2/21 MP: 4/10
  2387 | Sewer    | Entered a sewer
  3011 | D:3      | Reached XP level 5. HP: 16/24 MP: 3/12
  3305 | D:4      | Found Hocobi Ciwne's Jewellery Boutique.
  3375 | D:4      | Reached skill level 5 in Stealth
  3450 | D:4      | Found Egre's Distillery.
  3562 | D:4      | Reached skill level 5 in Dodging
  4164 | D:4      | Reached XP level 6. HP: 25/28 MP: 10/13
  4173 | D:4      | Noticed a sky beast
  4215 | D:4      | Killed a sky beast
  4215 | D:4      | Reached skill level 6 in Stealth
  4424 | D:5      | Entered Level 5 of the Dungeon
  4487 | D:5      | Found a staircase to the Ecumenical Temple.
  4496 | Temple   | Entered the Ecumenical Temple
  4905 | D:5      | Reached skill level 5 in Spellcasting
  5031 | D:4      | Reached XP level 7. HP: 28/32 MP: 10/15
  5144 | D:2      | Became a worshipper of Kikubaaqudgha
  5459 | D:2      | Learned a level 4 spell: Animate Dead
  5464 | D:2      | Learned a level 4 spell: Control Undead
  5582 | D:2      | Found a faded altar of an unknown god.
  5663 | D:2      | Found a sparkling altar of Nemelex Xobeh.
  6012 | D:3      | Reached skill level 5 in Necromancy
  6132 | D:4      | Found Umuist's Jewellery Shop.
  6301 | D:4      | Reached skill level 7 in Stealth
  6317 | D:4      | Found Dyvvuaho's Jewellery Shoppe.
  6363 | D:4      | Learned a level 3 spell: Confuse
  6540 | D:4      | Reached skill level 1 in Hexes
  6882 | D:5      | Found a white marble altar of Elyvilon.
  7367 | D:5      | Reached * piety under Kikubaaqudgha
  7367 | D:5      | Identified Kikubaaqudgha's Handbook of Evil (Kikubaaqudgha gifted it to you on level 5 of the Dungeon)
  7367 | D:5      | Received a gift from Kikubaaqudgha
  7372 | D:5      | Learned a level 2 spell: Corpse Rot
  7533 | D:6      | Reached XP level 8. HP: 34/36 MP: 7/18
  7664 | D:6      | HP: 1/36 [orc/exploding tomahawk (1)]
  7664 | D:6      | Killed from afar by an orc

Vault maps used:
D:1:      roderic_chinese_lattice_arrival, feat_on_display
D:2:      nicolae_overflow_hidden_temple, nemelex_xobeh_ov_fountains_minmay,
          chequers_ecumenical_altar_twisty
D:3:      portal_sewer_entry_b
D:4:      serial_shops, shop_fountains, nicolae_shop_statue_plus, shop,
          shop_coins, first_bread
D:5:      lemuel_coloured_pillars_altar, temple_pool_b, interstate_on_off
Temple:   hc_temple_tempest_star
Sewer:    sewer_co_15_rooms

Skill      XL: |  1  2  3  4  5  6  7  8 |
---------------+-------------------------+-----
Spellcasting   | 3 4 5 6 |  6.2
Dodging        | 4 5 6 |  6.9
Stealth        | 4 5 6 7 |  7.8
Necromancy     | 4 5 |  5.4
Hexes          | 2 3 |  3.2

Action                   |  1- 3 |  4- 6 |  7- 9 || total
-------------------------+-------+-------+-------++-------
Melee: Short sword       |     3 |    13 |    48 ||    64
       Unarmed           |     2 |       |       ||     2
 Cast: Pain              |    81 |   115 |   105 ||   301
       Animate Skeleton  |       |     4 |     2 ||     6
       Confuse           |       |       |     4 ||     4
       Vampiric Draining |       |       |     3 ||     3
       Control Undead    |       |       |     2 ||     2
       Corpse Rot        |       |       |     1 ||     1
  Use: Scroll            |     1 |       |     1 ||     2
       Potion            |       |       |     2 ||     2
 Stab: Sleeping          |       |     2 |     4 ||     6
       Confused          |       |       |     3 ||     3
  Eat: Royal jelly       |       |     1 |     1 ||     2
Armor: Robe              |     3 |     1 |     1 ||     5
Dodge: Dodged            |    28 |    17 |    50 ||    95
